Map: Backwater LE

Players

Woogie - Winner!

  • Race: Zerg Zerg
  • League: Platinum
  • Spawn Location: 11:00

Nuke

  • Race: Zerg Zerg
  • League: Diamond
  • Spawn Location: 5:00

VOD

Have the link to the VOD?

Description

Time

  • Played on: May 13, 2018, 1:49 p.m.
  • Length: 10:37
Show
View Real Time Build Order
Export as new Build Order

Woogie Zerg - Winner!

Build Orders: Hatch First 

Get SALT Encoding   

  12  0:01  Drone  
  13  0:12  Overlord  
  13  0:17  Drone  
  14  0:30  Drone  
  14  0:31  Drone  
  14  0:34  Drone  
  17  0:54  Hatchery  
  17  0:55  Drone  
  17  1:02  Drone, Extractor  
  17  1:16  Spawning Pool  
  16  1:20  Drone  
  16  1:22  Drone  
  18  1:28  Drone  
  19  1:42  Drone  
  20  1:49  Overlord  
  20  2:02  Metabolic Boost  
  20  2:03  Queen  
  20  2:06  Drone  
  20  2:07  Drone  
  24  2:10  Queen  
  24  2:15  Drone  
  27  2:24  Drone  
  27  2:25  Drone  
  29  2:35  Drone  
  29  2:36  Drone  
  31  2:40  Evolution Chamber  
  30  2:47  Queen  
  32  2:53  Queen  
  32  2:54  Overlord  
  34  3:05  Drone x2  
  36  3:07  Extractor  
  36  3:08  Drone, Extractor  
  36  3:09  Drone  
  36  3:13  Zerg Ground Armor Level 1  
  36  3:22  Drone x4  
  36  3:25  Overlord  
  40  3:30  Drone x2  
  42  3:40  Drone, Roach Warren  
  42  3:42  Drone  
  42  3:47  Drone x2  
  45  3:55  Lair  
  45  3:59  Drone x2  
  45  4:00  Drone  
  48  4:06  Drone x3  
  51  4:19  Hatchery  
  51  4:22  Zergling x2  
  51  4:30  Drone  
  52  4:32  Evolution Chamber  
  52  4:37  Overlord x3  
  51  5:00  Zerg Missile Weapons Level 1  
  51  5:01  Overlord x2  
  51  5:02  Roach  
  51  5:03  Roach x6  
  51  5:05  Roach  
  67  5:21  Roach  
  67  5:22  Roach x4  
  77  5:30  Zerg Ground Armor Level 2  
  77  5:33  Glial Reconstitution  
  77  5:47  Overseer  
  77  5:52  Drone x5  
  77  5:54  Overlord x3  
  62  6:25  Drone x4  
  66  6:33  Roach  
  66  6:37  Drone  
  69  6:46  Drone  
  70  6:47  Drone x7  
  77  6:57  Drone x2  
  79  7:06  Ravager x4  
  79  7:07  Ravager x3  
  86  7:09  Drone x2  
  86  7:10  Drone x7  
  85  7:54  Roach  
  85  7:55  Roach x8  
  96  8:22  Overlord x3  
  96  8:23  Roach x3  
  99  8:59  Roach x10  
  99  9:00  Roach x2  
  99  9:11  Infestation Pit  
  99  9:14  Extractor  
  99  9:19  Extractor  
  99  9:20  Extractor  
  99  10:16  Ravager x3  
  99  10:17  Ravager x4  
Show
View Real Time Build Order
Export as new Build Order

Nuke Zerg 

Build Orders: Hatch First 

Get SALT Encoding   

  12  0:02  Drone  
  13  0:08  Drone  
  14  0:22  Extractor x2  
  14  0:24  Drone x2  
  16  0:52  Hatchery  
  15  1:01  Spawning Pool  
  14  1:07  Extractor x2  
  14  1:08  Drone  
  14  1:10  Drone  
  14  1:15  Overlord  
  16  1:34  Drone x2  
  18  1:45  Drone  
  19  1:49  Extractor  
  19  1:53  Drone  
  19  1:55  Queen  
  21  2:04  Queen, Drone  
  21  2:05  Drone  
  25  2:14  Zergling x2  
  26  2:16  Drone  
  27  2:24  Overlord  
  27  2:32  Zergling x2  
  28  2:41  Queen  
  30  2:51  Queen  
  30  2:52  Drone x2  
  34  3:03  Metabolic Boost  
  34  3:12  Spine Crawler  
  33  3:14  Overlord, Extractor  
  32  3:31  Queen  
  32  3:34  Zergling x2, Overlord, Drone  
  36  3:39  Overlord  
  36  3:44  Baneling Nest  
  35  3:56  Zergling x8, Drone x5  
  44  4:07  Zergling x8  
  48  4:16  Zergling x4  
  50  4:26  Zergling x4  
  50  4:30  Lair  
  52  4:33  Spore Crawler  
  51  4:51  Zergling x2  
  51  4:52  Baneling x2  
  52  4:53  Baneling x5  
  52  4:56  Overlord  
  52  5:03  Overlord  
  52  5:19  Zergling x8, Overlord, Drone x4  
  52  5:20  Overlord x2  
  59  5:27  Evolution Chamber  
  58  5:31  Evolution Chamber  
  57  5:43  Overlord  
  57  5:48  Spine Crawler  
  56  5:50  Spine Crawler  
  56  5:51  Spore Crawler, Baneling x3  
  56  5:52  Baneling  
  54  6:02  Roach Warren  
  39  6:19  Overlord  
  36  6:29  Unknown  
  36  6:42  Overlord  
  36  6:43  Roach  
  36  6:44  Roach x7  
  52  6:51  Overlord  
  52  6:55  Roach  
  52  6:56  Roach  
  56  7:01  Overseer x2  
  56  7:10  Zergling x6  
  59  7:21  Roach x2  
  65  7:22  Roach  
  65  7:29  Ravager  
  66  7:30  Ravager x2  
  62  7:39  Zergling x8  
  62  7:43  Zergling x2  
  62  7:44  Zergling x2  
  48  7:47  Zergling x2  
  48  7:48  Zergling x2  
  47  7:51  Zergling x2  
  47  7:53  Zergling x2  
  48  8:02  Zergling x2  
  48  8:03  Zergling x4  
  31  8:16  Zergling x4  
Tags
 
Add a new tag
Caveats
  • Supply blocks, unpowered buildings, or Contaminate may cause inaccurate times.
  • Supply counts are checked every 10 seconds.